 Dungeon Crawl Stone Soup version 0.27-a0-1587-g5a1362a (webtiles) character file.

Game seed: 3066019705788605814

3655 Think the Slicer (level 10, -7/106 HPs)
             Began as an Octopode Fighter on July 18, 2021.
             Was a Priest of Okawaru.
             Killed from afar by a steam dragon (20 damage)
             ... with a ball of steam
             ... on level 8 of the Dungeon.
             The game lasted 00:27:05 (9558 turns).

Think the Slicer (Octopode Fighter)                 Turns: 9558, Time: 00:27:06

Health: -7/106     AC:  1    Str: 16    XL:     10   Next: 12%
Magic:  10/10      EV: 13    Int: 11    God:    Okawaru [***...]
Gold:   360        SH: 16    Dex: 20    Spells: 6/9 levels left

rFire    . . .     SeeInvis .   w - +4 dagger (vamp)
rCold    . . .     Faith    .   b - +0 kite shield
rNeg     . . .     Spirit   .   (helmet restricted)
rPois    .         Reflect  +   d - amulet of reflection
rElec    .         Harm     .   o - +6 ring of dexterity
rCorr    .         Rampage  .   (no ring)
Will     .....                  (no ring)
Stlth    ..........             (no ring)
HPRegen  0.27/turn              (no ring)
MPRegen  0.12/turn              (no ring)
                                (no ring)
                                (no ring)

@: berserking, very quick
A: almost no armour, amphibious, 8 rings, camouflage 1, gelatinous body 1,
(nimble swimmer 1), tentacles
a: Renounce Religion, Heroism


You were on level 8 of the Dungeon.
You worshipped Okawaru.
Okawaru was most pleased with you.
You visited 1 branch of the dungeon, and saw 8 of its levels.

You collected 440 gold pieces.
You spent 80 gold pieces at shops.

Inventory:

Hand Weapons
 c - a +3 dagger of holy wrath
 s - a +0 long sword of protection
 w - a +4 vampiric dagger (weapon)
Armour
 b - a +0 kite shield (worn)
Jewellery
 d - an amulet of reflection (around mantle)
 o - a +6 ring of dexterity (left tentacle)
Wands
 h - a wand of charming (2)
 n - a wand of mindburst (14)
 q - a wand of polymorph (12)
Scrolls
 a - a scroll of holy word
 g - a scroll of fear
 i - 2 scrolls of noise
 l - 2 scrolls of vulnerability
 p - 2 scrolls of amnesia {unknown}
 r - a scroll of immolation
 t - a scroll of enchant armour
 u - a scroll of magic mapping
Potions
 e - a potion of flight {unknown}
 k - a potion of mutation
 v - a potion of cancellation


   Skills:
 + Level 7.0 Fighting
 * Level 9.0 Short Blades
 - Level 3.1 Dodging
 + Level 7.1 Stealth
 + Level 6.7 Shields
 + Level 3.9 Hexes
 - Level 2.0 Evocations


You had 6 spell levels left.
You knew the following spells:

 Your Spells              Type           Power      Damage    Failure   Level
a - Portal Projectile     Hex/Tloc       8%         N/A       80%         3

Your spell library contained the following spells:

 Spells                   Type           Power      Damage    Failure   Level
 Apportation              Tloc           0%         N/A       71%         1
 Beastly Appendage        Tmut           0%         N/A       71%         1
 Static Discharge         Conj/Air       0%         N/A       83%         2
 Wereblood                Tmut           0%         N/A       83%         2
 Spider Form              Tmut/Pois      0%         N/A       97%         3
 Alistair's Intoxication  Tmut/Pois      0%         N/A       100%        5
 Blade Hands              Tmut           0%         N/A       100%        5
 Excruciating Wounds      Necr           0%         N/A       100%        5
 Lightning Bolt           Conj/Air       0%         1d11      100%        5
 Invisibility             Hex            4%         N/A       100%        6
 Maxwell's Capacitive Co  Air            0%         ∞         100%        8


Dungeon Overview and Level Annotations

Branches:
Dungeon (8/15)             Temple (0/1) D:5            Lair (0/6) D:8

Altars:
Dithmenos
Elyvilon
Fedhas
Gozag
Hepliaklqana
Makhleb
Okawaru
Ru
Trog
Vehumet
Wu Jian
Xom
The Shining One

Shops:
D:4 *   D:5 (

Annotations:
D:3 1 runed translucent door, Crazy Yiuf
D:5 1 runed translucent door, Scriper's ghost, novice DrCj


Innate Abilities, Weirdness & Mutations

You cannot wear most types of armour.
You are amphibious.
You can wear up to eight rings at the same time.
Your skin changes colour to match your surroundings (Stealth+).
Your rubbery body absorbs attacks. (AC +1, EV +1)
((You are camouflaged near water. (Stealth+)))
You have tentacles for arms and can constrict up to eight enemies at once.


Message History

You barely miss the steam dragon.
The steam dragon is heavily wounded.
The steam dragon breathes steam at you. The ball of steam hits you!
The steam dragon closely misses you. You block the steam dragon's attack.
You hit the steam dragon.
You feel better.
The steam dragon is severely wounded.
You hit the steam dragon but do no damage.
The steam dragon is severely wounded.
The steam dragon breathes steam at you. The ball of steam hits you!
The steam dragon misses you. The steam dragon claws you.
You hit the steam dragon but do no damage.
The steam dragon is severely wounded.
You block the steam dragon's attack. x2
You hit the steam dragon.
You squeeze the steam dragon, but do no damage.
The steam dragon is severely wounded.
You barely miss the steam dragon.
The steam dragon is severely wounded.
You block the steam dragon's attack. x2
You closely miss the steam dragon. Your squeeze misses the steam dragon.
The steam dragon is severely wounded.
The steam dragon breathes steam at you. The ball of steam hits you!!
* * * LOW HITPOINT WARNING * * *
You block the steam dragon's attack. x2
Okay, then.
Okay, then.
A red film seems to cover your vision as you go berserk!
You feel yourself moving faster!
You feel mighty! The steam dragon bites you.
* * * LOW HITPOINT WARNING * * *
You block the steam dragon's attack.
You barely miss the steam dragon. Your squeeze misses the steam dragon.
The steam dragon is severely wounded.
You closely miss the steam dragon.
The steam dragon is severely wounded.
The steam dragon breathes steam at you. The ball of steam hits you!!
You die...

####......#[.....##...#
#....[...##(.......##
#....###([...........##.
#...###...<.........)...
...####........##.##.....
...........(..##...##....
....#....$...##.....##..###
# #........#.....÷.#.....
.............D@_.[.......
.).........#[.§....#.....
...........(##§.§[.##....#
.............##§§§## ## #
.............##.##
..................
..................
...............)...
..........


You could see a steam dragon (catching breath).

Vanquished Creatures
  A deep elf pyromancer (D:7)
  An acid dragon (D:8)
  4 water moccasins
  An ice beast (D:6)
  An orc warrior (D:7)
  2 sky beasts
  A necrophage (D:4)
  2 ogres
  2 centaurs (D:7)
  A phantom (D:5)
  Blork the orc (D:4)
  A bullfrog (D:7)
  2 kobold brigands
  A wyvern zombie (D:8)
  5 scorpions
  A water moccasin zombie (D:6)
  3 killer bees (D:6)
  A howler monkey (D:8)
  An electric eel (D:6)
  A bullfrog zombie (D:5)
  2 gnoll shamans
  3 hounds
  A bullfrog skeleton (D:7)
  A centaur zombie (D:8)
  2 centaur skeletons (D:7)
  An iguana (D:4)
  Natasha (thrice) (D:4)
  2 orc wizards
  9 gnolls
  11 adders
  A white imp (D:7)
  An ufetubus (D:5)
  2 dart slugs
  17 orcs
  8 ball pythons
  4 bats
  7 endoplasms
  3 giant cockroaches
  5 goblins
  2 hobgoblins
  2 jackals (D:3)
  2 quokkas
  4 frilled lizards
  17 kobolds
  4 rats
147 creatures vanquished.

Vanquished Creatures (collateral kills)
  2 yaks (D:7)
  A bullfrog (D:8)
  A kobold brigand (D:8)
  A wyvern zombie (D:8)
  2 wights (D:8)
  2 centaur zombies (D:8)
  A jelly (D:8)
  3 orcs (D:8)
  A kobold (D:8)
14 creatures vanquished.

Vanquished Creatures (others)
  An orc warrior (D:8)
  A kobold brigand (D:8)
  A wight (D:8)
  An orc (D:8)
  2 kobolds (D:8)
6 creatures vanquished.

Grand Total: 167 creatures vanquished

Notes
Turn   | Place    | Note
-------+----------+-------------------------------------------
     0 | D:1      | Think the Octopode Fighter began the quest for the Orb.
     0 | D:1      | Reached XP level 1. HP: 16/16 MP: 1/1
   258 | D:1      | Reached XP level 2. HP: 18/21 MP: 2/2
   714 | D:1      | Reached skill level 1 in Stealth
   855 | D:2      | Reached XP level 3. HP: 26/26 MP: 3/3
  1241 | D:2      | Reached XP level 4. HP: 32/32 MP: 4/4
  2364 | D:3      | Reached skill level 1 in Evocations
  2395 | D:2      | Reached skill level 3 in Short Blades
  2570 | D:3      | Found an opulent altar of Gozag.
  2619 | D:3      | Reached XP level 5. HP: 35/37 MP: 5/5
  2678 | D:3      | Found a runed translucent door.
  2679 | D:3      | Noticed Crazy Yiuf
  2704 | D:3      | Found a burning altar of Makhleb.
  2825 | D:3      | Found a glowing golden altar of the Shining One.
  3198 | D:3      | Found a faded altar of an unknown god.
  3939 | D:4      | Reached XP level 6. HP: 43/43 MP: 6/6
  3982 | D:4      | Found an iron altar of Okawaru.
  4034 | D:4      | Reached skill level 4 in Short Blades
  4211 | D:4      | Noticed Natasha
  4218 | D:4      | Killed Natasha
  4221 | D:4      | Noticed a necrophage
  4286 | D:4      | Noticed Blork the orc
  4291 | D:4      | Killed Blork the orc
  4299 | D:4      | Reached XP level 7. HP: 32/49 MP: 7/7
  4646 | D:4      | Found Udoanol's Assorted Antiques.
  4661 | D:4      | Reached skill level 5 in Short Blades
  4919 | D:4      | Noticed Natasha
  4927 | D:4      | Killed Natasha
  4993 | D:4      | Noticed Natasha
  5001 | D:4      | Killed Natasha
  5042 | D:5      | Entered Level 5 of the Dungeon
  5047 | D:5      | Noticed a golden eye
  5047 | D:5      | an ogre changed into a golden eye
  5047 | D:5      | Found a hazy altar of Hepliaklqana.
  5294 | D:4      | Became a worshipper of Warmaster Okawaru
  5495 | D:5      | Found a white marble altar of Elyvilon.
  5517 | D:5      | Reached skill level 5 in Fighting
  5523 | D:5      | Reached XP level 8. HP: 40/55 MP: 8/8
  5627 | D:5      | Reached skill level 6 in Short Blades
  5657 | D:5      | Found a staircase to the Ecumenical Temple.
  5663 | D:5      | Reached skill level 5 in Shields
  5691 | D:5      | Found a sacrificial altar of Ru.
  5696 | D:5      | Reached * piety under Okawaru
  5751 | D:5      | Found a runed translucent door.
  5755 | D:5      | Noticed Scriper's ghost (novice DrCj)
  5932 | D:5      | Learned a level 3 spell: Portal Projectile
  5937 | D:5      | Found a shadowy altar of Dithmenos.
  6216 | D:5      | Found Uten's Weapon Shop.
  6219 | D:5      | Bought a +0 long sword of protection for 80 gold pieces
  6501 | D:6      | Reached skill level 7 in Short Blades
  6501 | D:6      | Reached skill level 1 in Hexes
  6974 | D:6      | Found an ornate altar of the Wu Jian Council.
  7163 | D:6      | Found a blossoming altar of Fedhas.
  7163 | D:6      | Found a radiant altar of Vehumet.
  7201 | D:6      | Reached XP level 9. HP: 41/62 MP: 9/9
  7319 | D:6      | Reached skill level 5 in Stealth
  7762 | D:7      | Reached ** piety under Okawaru
  8133 | D:7      | Noticed a deep elf pyromancer
  8135 | D:7      | Reached skill level 8 in Short Blades
  8186 | D:7      | HP: 2/63 [deep elf pyromancer/bolt of fire (26)]
  8190 | D:7      | Killed a deep elf pyromancer
  8863 | D:7      | Reached *** piety under Okawaru
  8977 | D:8      | Found a bloodstained altar of Trog.
  8985 | D:8      | Reached XP level 10. HP: 69/69 MP: 10/10
  9040 | D:8      | Found a staircase to the Lair.
  9174 | D:8      | Found a shimmering altar of Xom.
  9225 | D:8      | Reached skill level 9 in Short Blades
  9558 | D:8      | Killed from afar by a steam dragon

Illustrated notes

Levels and vault maps discovered:
D:1:      lightli_arrival_chessboard, layout_loops_ring
D:2:      layout_basic
D:3:      layout_basic, tso_metal_star, amcnicky_altar_gilded,
          mainiacjoe_overflow_concentric_impassable,
          dreamdust_ecumenical_altar_grove, dk_noncrumbling_3,
          minmay_misc_feat_alley, minmay_between, uniq_crazy_yiuf_cottage
D:4:      layout_gridville, overflow_temple_1_default, nicolae_take_the_stairs,
          uniq_blork_the_orc, uniq_natasha
D:5:      minmay_spotlight, layout_basic, nicolae_ru_great_annihilating_truth,
          mainiacjoe_overflow_catwalk, mainiacjoe_overflow_cross_hatched,
          nicolae_dithmenos_the_darkroom, minmay_temple_entry_drinking_statues,
          serial_shops, kennysheep_mini_moat, ebering_ghost_sewer_d,
          minivault_23, minmay_misc_feat_ornament, nrook_mini_vaults
D:6:      layout_layer_cave, nzn_wu_jian_council_hall,
          chequers_temple_overflow_statue_of_worship,
          chequers_serial_rivers_large_b, nrook_pool_corridor,
          kennysheep_small_spiral
D:7:      layout_loops_ring
D:8:      layout_layer_cave, mainiacjoe_overflow_alcove_2, xom_confusion_cloud,
          lemuel_round_altar, lair_entry_dummy, ebering_ghost_gozag, uniq_psyche

Skill      XL: |  1  2  3  4  5  6  7  8  9 10 |
---------------+-------------------------------+-----
Stealth        | 1 2 3 4 6 7 |  7.1
Evocations     | 1 2 |  2.0
Short Blades   | 3 4 5 7 8 9 |  9.0
Fighting       | 4 5 6 7 |  7.0
Shields        | 4 5 6 |  6.7
Hexes          | 1 3 |  3.9
Dodging        | |  3.1

Action                   |  1- 3 |  4- 6 |  7- 9 | 10-12 || total
-------------------------+-------+-------+-------+-------++-------
Melee: Rapier            |    24 |       |       |       ||    24
       Constrict         |    11 |    23 |    30 |     6 ||    70
       Dagger            |    24 |   110 |   216 |    52 ||   402
       Tentacles         |     7 |    25 |    64 |    16 ||   112
       Long sword        |       |       |    21 |       ||    21
       Punch             |       |       |       |     3 ||     3
Invok: Heroism           |       |       |     1 |     1 ||     2
Evoke: Wand              |       |     3 |     8 |     4 ||    15
  Use: Potion            |     1 |       |     7 |     1 ||     9
       Scroll            |       |     5 |     6 |       ||    11
 Stab: Sleeping          |     9 |    10 |    15 |       ||    34
       Distracted        |       |       |     1 |       ||     1
Armor: Skin              |     3 |     7 |     6 |       ||    16
Dodge: Dodged            |    19 |    41 |    43 |    23 ||   126
Block: Kite shield       |    18 |    95 |   123 |    51 ||   287
       Reflection        |       |       |     6 |     2 ||     8
       Rpst.: Long sword |       |       |     2 |       ||     2

Table legend: (Time is in decaauts)
 A = Elapsed time spent in this place.
 B = Non-inter-level travel time spent in this place.
 C = Inter-level travel time spent in this place.
 D = Time resting spent in this place.
 E = Time spent auto-exploring this place.
 F = Levels seen in this place.
 G = Mean time per level.
                   A        B        C        D        E       F      G
               +--------+--------+--------+--------+--------+-----+--------+
         Total |   9580 |   9189 |    391 |   3370 |   4064 |   8 | 1197.5 |
       Dungeon |   9580 |   9189 |    391 |   3370 |   4064 |   8 | 1197.5 |
               +--------+--------+--------+--------+--------+-----+--------+

Top non-repeatable levels by time:
     D:3: 1579 daAuts
     D:7: 1540 daAuts
     D:2: 1475 daAuts
     D:6: 1403 daAuts
     D:4: 1316 daAuts
     D:5: 1190 daAuts
     D:1: 809 daAuts
     D:8: 266 daAuts
